Map: Site Delta LE

Players

Subwayeatn

  • Race: Zerg Zerg
  • League: Diamond
  • Spawn Location: 11:00

anonymous - Winner!

  • Race: Protoss Protoss
  • League: Diamond
  • Spawn Location: 5:00

VOD

Have the link to the VOD?

Description

Time

  • Played on: Nov. 15, 2023, 4:42 p.m.
  • Length: 14:43
Show
View Real Time Build Order
Export as new Build Order

Subwayeatn Zerg 

Build Orders: Hatch First, Lurkers 

Get SALT Encoding   

  12  0:00  Drone  
  13  0:12  Overlord  
  13  0:16  Drone  
  14  0:31  Drone x2  
  16  0:49  Hatchery  
  15  0:53  Drone  
  15  0:56  Drone  
  17  1:01  Drone  
  18  1:04  Extractor  
  17  1:17  Spawning Pool  
  16  1:21  Drone  
  16  1:22  Drone  
  18  1:45  Hatchery  
  17  1:52  Drone x2  
  17  1:53  Drone  
  20  2:15  Metabolic Boost  
  20  2:20  Drone x4  
  24  2:25  Drone x2  
  26  2:34  Overlord  
  26  2:37  Overlord  
  26  2:48  Overlord  
  26  2:51  Overlord  
  26  2:54  Drone  
  26  2:58  Drone x2  
  29  3:05  Queen  
  31  3:06  Queen  
  31  3:12  Queen  
  33  3:15  Drone  
  33  3:17  Drone  
  33  3:19  Drone  
  38  3:21  Drone  
  38  3:23  Drone  
  38  3:25  Drone  
  41  3:27  Drone  
  41  3:29  Drone  
  43  3:38  Overlord  
  43  3:42  Overlord, Queen  
  43  3:46  Lair  
  45  3:51  Drone  
  45  3:52  Drone x2  
  48  3:58  Drone x2  
  50  4:06  Extractor  
  50  4:07  Extractor  
  50  4:08  Drone x3  
  51  4:18  Drone x3  
  51  4:21  Drone x3  
  57  4:27  Drone x3  
  60  4:35  Drone x2  
  60  4:36  Drone  
  63  4:42  Evolution Chamber  
  63  4:43  Evolution Chamber  
  63  4:45  Drone  
  62  4:49  Hydralisk Den  
  62  4:50  Baneling Nest  
  60  4:53  Drone x4  
  60  4:55  Queen  
  60  4:57  Extractor, Queen  
  60  4:59  Drone x5  
  72  5:03  Pneumatized Carapace  
  72  5:04  Overlord  
  72  5:07  Overlord  
  72  5:09  Overlord  
  72  5:14  Zergling x4  
  73  5:17  Zergling x2  
  74  5:22  Zergling x10, Spine Crawler  
  74  5:23  Zergling x2, Spine Crawler x2  
  74  5:30  Hydralisk x3  
  74  5:31  Hydralisk  
  77  5:37  Baneling x6  
  77  5:42  Zergling x4  
  79  5:43  Zergling x2  
  76  5:50  Centrifugal Hooks  
  76  5:51  Grooved Spines  
  76  5:58  Hydralisk  
  76  5:59  Hydralisk x2  
  76  6:02  Overlord  
  70  6:29  Hydralisk x5  
  80  6:34  Overlord  
  80  6:38  Overseer, Hatchery  
  79  6:59  Overlord  
  79  7:09  Zerg Melee Weapons Level 1, Zerg Missile Weapons Level 1  
  79  7:10  Zergling x2  
  79  7:11  Zergling x8  
  84  7:18  Muscular Augments  
  84  7:22  Hydralisk x2  
  88  7:32  Drone  
  88  7:36  Overlord x2  
  89  7:41  Baneling x10  
  89  7:42  Baneling  
  89  7:50  Overlord x2  
  89  7:52  Hatchery  
  89  7:56  Drone x6  
  94  8:01  Queen  
  63  8:41  Zergling x8  
  64  8:42  Zergling x20  
  77  8:53  Zergling x6  
  80  8:59  Hydralisk  
  79  9:03  Baneling x5  
  79  9:04  Baneling x9  
  79  9:10  Hydralisk x3  
  79  9:16  Hydralisk x5  
  88  9:23  Hydralisk x3  
  87  9:33  Zergling x2  
  87  9:34  Zergling x2  
  87  10:02  Overlord  
  87  10:03  Overlord x2  
  87  10:06  Overseer  
  87  10:09  Hatchery x2  
  85  10:17  Drone x9  
  93  10:30  Hydralisk, Infestation Pit  
  93  10:31  Hydralisk x3  
  99  10:43  Hydralisk  
  99  10:44  Hydralisk x3, Lurker Den  
  99  10:47  Zerg Missile Weapons Level 2  
  106  10:54  Overlord x3  
  106  11:05  Queen x2  
  110  11:20  Hatchery, Extractor  
  110  11:23  Hydralisk x7  
  110  11:24  Extractor  
  123  11:44  Zergling x8  
  123  11:45  Zergling x6  
  123  11:48  Lurker x5  
  126  12:15  Hatchery  
  120  12:33  Drone x6, Hatchery  
  120  12:34  Drone  
  124  12:39  Overseer  
  124  12:49  Hive  
  67  13:37  Queen  
  69  13:45  Hydralisk x8  
  69  13:46  Hydralisk x4  
  93  13:56  Spire  
  93  13:57  Drone x2  
  93  14:00  Drone  
  95  14:15  Drone  
  100  14:23  Drone x3  
Show
View Real Time Build Order
Export as new Build Order

anonymous Protoss - Winner!

Build Orders: Zealot Archon 

Get SALT Encoding   

  12  0:00  Probe  
  13  0:20  Probe  
  14  0:22  Pylon  
  14  0:32  Probe  
  15  0:44  Gateway  
  15  0:45  Probe (Chrono Boost)  
  15  0:48  Assimilator  
  17  0:57  Probe (Chrono Boost)  
  17  1:03  Probe (Chrono Boost)  
  18  1:12  Probe  
  19  1:24  Probe  
  20  1:33  Cybernetics Core  
  20  1:36  Probe  
  21  1:45  Pylon  
  21  1:46  Assimilator  
  21  1:54  Nexus  
  21  1:57  Probe  
  21  2:00  Warp Gate  
  22  2:09  Probe, Stalker (Chrono Boost)  
  25  2:21  Probe  
  26  2:38  Probe  
  26  2:40  Twilight Council  
  26  2:43  Gateway  
  27  2:50  Probe  
  28  2:52  Gateway  
  28  3:02  Probe  
  29  3:05  Gateway  
  29  3:09  Probe  
  29  3:11  Charge (Chrono Boost)  
  30  3:16  Probe  
  31  3:23  Probe  
  32  3:30  Pylon, Probe  
  33  3:37  Probe  
  33  3:38  Pylon  
  34  3:43  Probe  
  35  3:48  Robotics Facility  
  35  3:49  Probe  
  35  3:55  Probe  
  37  4:00  Assimilator  
  37  4:01  Probe  
  38  4:06  Pylon  
  38  4:07  Probe  
  38  4:09  Zealot x2  
  43  4:14  Probe, Zealot  
  46  4:18  Zealot  
  46  4:20  Probe  
  49  4:29  Gateway  
  49  4:31  Zealot  
  49  4:32  Zealot  
  49  4:38  Zealot  
  55  4:41  Zealot  
  57  4:48  Probe x2  
  59  4:54  Assimilator  
  59  4:58  Observer  
  60  5:00  Pylon  
  60  5:04  Templar Archives  
  58  5:36  Stalker  
  58  5:37  Zealot x3  
  58  5:38  Zealot  
  68  5:59  Stalker x2  
  68  6:01  Zealot x2  
  68  6:02  Zealot  
  78  6:12  Immortal  
  62  6:24  Probe  
  62  6:25  Shield Battery, Probe  
  60  6:26  Stalker x2  
  60  6:28  Zealot x2  
  60  6:29  Stalker  
  70  6:36  Psionic Storm, Pylon  
  70  6:37  Probe x2  
  70  6:38  Shield Battery  
  72  6:46  Robotics Bay  
  72  6:53  Immortal (Chrono Boost)  
  76  6:59  High Templar  
  76  7:00  High Templar x2  
  81  7:02  Zealot x2  
  81  7:04  Archon  
  85  7:10  Probe  
  85  7:14  Blink  
  86  7:17  Pylon  
  86  7:35  Probe  
  86  7:36  Pylon  
  88  7:38  Observer, High Templar  
  88  7:44  Archon  
  90  7:48  Probe x2  
  92  7:56  Colossus  
  92  7:58  Nexus  
  98  8:01  Pylon  
  98  8:04  Pylon  
  98  8:06  Zealot x2  
  102  8:16  Extended Thermal Lance  
  102  8:17  Probe  
  102  8:18  Pylon  
  102  8:19  Probe  
  85  8:27  Zealot x2  
  85  8:28  Zealot x3  
  88  8:40  Probe x2  
  90  8:52  Stalker  
  90  8:53  Observer, Stalker, Zealot x2  
  90  8:54  Stalker  
  101  8:59  Probe x2  
  103  9:27  Probe x3  
  106  9:34  Colossus  
  112  9:41  High Templar x2  
  112  9:44  Stalker x3  
  122  9:48  Shield Battery  
  122  9:49  Probe x3  
  122  9:51  Assimilator  
  122  9:52  Pylon  
  125  9:59  Assimilator  
  125  10:01  Pylon, Probe x3  
  125  10:05  Gateway x2  
  128  10:12  Gateway  
  128  10:13  Probe x2  
  128  10:14  Probe  
  131  10:16  Shield Battery  
  131  10:20  Stalker x5  
  141  10:35  Probe x2  
  143  10:45  Gravitic Boosters  
  143  10:53  Colossus  
  149  11:21  Nexus  
  149  11:23  Pylon x2  
  149  11:26  Pylon  
  149  11:40  Pylon  
  149  12:02  Colossus  
  149  12:05  Stalker x3  
  149  12:06  Stalker  
  163  12:14  Pylon  
  163  12:21  Zealot x3  
  163  12:22  Zealot  
  169  12:24  Pylon  
  163  12:32  Probe x3  
  166  12:40  Shield Battery  
  166  12:43  Gateway  
  166  12:45  Gateway  
  166  12:50  Gateway  
  166  12:52  Shield Battery  
  112  13:23  Observer (Chrono Boost)  
  112  13:26  Stalker  
  112  13:27  Stalker x5  
  117  13:28  Stalker x2  
  125  13:35  Pylon  
  125  13:59  Pylon  
  125  14:03  Pylon  
  125  14:08  Forge  
  125  14:13  Stalker x2  
  125  14:14  Stalker x4  
  125  14:15  Stalker x2  
  147  14:20  Assimilator  
  147  14:21  Gateway  
  147  14:25  Shield Battery  
  147  14:29  Assimilator  
Tags
 
Add a new tag
Caveats
  • Supply blocks, unpowered buildings, or Contaminate may cause inaccurate times.
  • Supply counts are checked every 10 seconds.